 Dungeon Crawl Stone Soup version 0.24-a0-335-g06ca16a (webtiles) character file.

Game seed: 12810610127920602839

796 Borgoz the Slasher (level 7, 0/60 HPs)
             Began as a Hill Orc Gladiator on May 19, 2019.
             Was an Initiate of Ashenzari.
             Slain by a gnoll
             ... wielding a +0 flail
              (6 damage)
             ... on level 6 of the Dungeon.
             The game lasted 00:06:56 (4695 turns).

Borgoz the Slasher (Hill Orc Gladiator)             Turns: 4695, Time: 00:06:57

Health: 0/60       AC:  8    Str: 17    XL:     7   Next: 89%
Magic:  7/7        EV: 13    Int:  8    God:    Ashenzari [......]
Gold:   104        SH:  0    Dex: 14    Spells: 6/6 levels left

rFire    . . .     SeeInvis +   a - +0 long sword
rCold    + . .     Gourm    .   (no shield)
rNeg     . . .     Faith    .   z - +0 ring mail {rC+}
rPois    .         Spirit   .   c - +0 helmet
rElec    .         Reflect  .   (no cloak)
rCorr    .         Harm     .   s - +0 pair of gloves
MR       +....                  (no boots)
Stlth    +.........             (no amulet)
HPRegen  0.20/turn              l - ring of see invisible
MPRegen  0.10/turn              v - ring of protection from magic

@: no status effects
A: no striking features
a: Curse Item, Renounce Religion


You were on level 6 of the Dungeon.
You worshipped Ashenzari.
Ashenzari was noncommittal.
You were not hungry.

You visited 2 branches of the dungeon, and saw 8 of its levels.

You collected 104 gold pieces.

Inventory:

Hand Weapons
 a - a +0 long sword (weapon)
 p - a +1 dagger of speed
Missiles
 d - 3 throwing nets (quivered)
Armour
 c - a +0 helmet (worn)
 s - a +0 pair of gloves (worn)
 z - a +0 ring mail of cold resistance (worn)
Jewellery
 e - an uncursed ring of flight
 l - a ring of see invisible (left hand)
 v - a ring of protection from magic (right hand)
Scrolls
 b - 2 scrolls of enchant weapon
 g - a scroll of random uselessness {unknown}
 h - 4 scrolls of remove curse
 k - a scroll of holy word {unknown}
 m - 4 scrolls of magic mapping
 o - a scroll of blinking {unknown}
 q - a scroll of fear
 r - a scroll of fog {unknown}
 t - 2 scrolls of amnesia {unknown}
 x - a scroll of teleportation {unknown}
 y - a scroll of enchant armour {unknown}
Potions
 i - a potion of might
 u - a potion of flight
Comestibles
 f - 13 rations
 j - 2 chunks of flesh


   Skills:
 + Level 4.8 Fighting
 * Level 6.3 Long Blades
 - Level 1.7 Throwing
 + Level 3.3 Armour
 * Level 4.8 Dodging


You had 6 spell levels left.
You didn't know any spells.
Your spell library was empty.

Dungeon Overview and Level Annotations

Branches:
Dungeon (7/15)             Temple (1/1) D:4

Altars:
Ashenzari
Cheibriados
Elyvilon
Fedhas
Gozag
Hepliaklqana
Kikubaaqudgha
Makhleb
Nemelex Xobeh
Okawaru
Qazlal
Ru
Sif Muna
Trog
Uskayaw
Vehumet
Wu Jian
Xom
Yredelemnul
Zin
The Shining One


Message History

The gnoll hits you with a +0 flail.
* * * LOW HITPOINT WARNING * * *
The gnoll hits you but does no damage.
Okay, then.
That item cannot be evoked!
Throwing (i - inventory)
d - 4 throwing nets (quivered)
Press: ? - help, Shift-Dir - straight line, f - gnoll
Aim: a gnoll, wielding a +0 halberd (severely wounded)
You throw a throwing net. The throwing net hits the gnoll.
The gnoll is caught in the net!
The gnoll is severely wounded.
The gnoll hits you with a +0 flail.
* * * LOW HITPOINT WARNING * * *
You hit the gnoll.
The gnoll is almost dead.
The gnoll struggles against the net.
You hit the gnoll but do no damage.
The gnoll is almost dead.
The gnoll hits you with a +0 flail.
You die...

#............
###.#
#........##.#
#....
##.....#.##.#
####.##.
###.###.#.#...
........
#.......#.#
...#.##.
#######.#.#
....+....
#.........# ...
#....
#.#####.g.# ..
##### #######@#
# #.... #g# # #
#.....#.#.####.
#
...............
######..#####..
....# .<.....
#.###... #
.....


You could see 2 gnolls.

Vanquished Creatures
  An ice beast (D:5)
  A wyvern zombie (D:6)
  2 scorpions
  A crimson imp (D:5)
  A bullfrog zombie (D:5)
  7 orc priests
  3 worker ants
  An iguana (D:4)
  2 gnolls (D:6)
  7 adders
  An ooze (D:2)
  A worm (D:4)
  4 leopard geckos
  7 orcs
  7 giant cockroaches
  4 hobgoblins
  13 jackals
  4 kobolds
  2 quokkas
  4 bats
  17 frilled lizards
  4 goblins
  A jackal zombie (D:5)
  A leopard gecko skeleton (D:4)
  5 rats
101 creatures vanquished.

Notes
Turn   | Place    | Note
-------+----------+-------------------------------------------
     0 | D:1      | Borgoz the Hill Orc Gladiator began the quest for the Orb.
     0 | D:1      | Reached XP level 1. HP: 18/18 MP: 1/1
   138 | D:1      | Reached XP level 2. HP: 25/25 MP: 2/2
   777 | D:1      | You fall through a shaft!
   786 | D:2      | Reached XP level 3. HP: 30/30 MP: 3/3
   825 | D:2      | Reached skill level 1 in Armour
   951 | D:2      | Reached skill level 4 in Long Blades
   959 | D:2      | Reached XP level 4. HP: 32/38 MP: 4/4
  1580 | D:3      | Found an iron altar of Okawaru.
  1580 | D:3      | Found a stormy altar of Qazlal.
  1875 | D:3      | Found a deep blue altar of Sif Muna.
  2212 | D:4      | Found a sacrificial altar of Ru.
  2221 | D:4      | Reached XP level 5. HP: 22/45 MP: 5/5
  2639 | D:4      | Reached XP level 6. HP: 34/52 MP: 6/6
  2645 | D:4      | Reached skill level 5 in Long Blades
  2859 | D:4      | Found a white marble altar of Elyvilon.
  2976 | D:4      | Found a staircase to the Ecumenical Temple.
  3053 | Temple   | Entered the Ecumenical Temple
  3174 | Temple   | Became a worshipper of Ashenzari the Shackled
  3468 | D:5      | Entered Level 5 of the Dungeon
  3533 | D:5      | Noticed a phantom
  3565 | D:5      | HP: 2/52 [bullfrog zombie (4)]
  3599 | D:5      | HP: 1/52 [phantom (8)]
  3940 | D:6      | Reached XP level 7. HP: 44/59 MP: 7/7
  4600 | D:5      | Reached skill level 6 in Long Blades
  4695 | D:6      | Slain by a gnoll

Levels and vault maps discovered:
D:1:      lightli_arrival_noodles, layout_loops_corners, minmay_lizard_king
D:2:      layout_rooms, first_ration
D:3:      layout_basic, led_sif_pool, gammafunk_temple_overflow_wave,
          wander_ebering_terrifying_dragon_lair
D:4:      layout_loops_corners, old_standard_altar, overflow_temple_1_default,
          minmay_temple_entry_glassed_door
D:5:      layout_basic
D:6:      layout_basic, yredelemnul_altar_generic
D:7:      layout_gridville, uniq_duvessa
Temple:   compressed_dpeg_circular_temple

Skill      XL: |  1  2  3  4  5  6  7 |
---------------+----------------------+-----
Armour         | 1 2 3 |  3.3
Fighting       | 3 4 |  4.8
Long Blades    | 4 5 6 |  6.3
Dodging        | 3 4 |  4.8
Throwing       | |  1.7

Action                   |  1- 3 |  4- 6 |  7- 9 || total
-------------------------+-------+-------+-------++-------
Melee: Long sword        |   111 |   202 |    74 ||   387
Throw: Throwing net      |       |       |     1 ||     1
  Use: Potion            |       |     6 |     1 ||     7
       Scroll            |       |     5 |     1 ||     6
 Stab: Invisible         |       |       |     2 ||     2
  Eat: Chunk             |       |    10 |     3 ||    13
Armor: Leather armour    |    10 |       |       ||    10
       Ring mail         |    49 |    72 |    22 ||   143
Dodge: Dodged            |   109 |   138 |    76 ||   323
       Rpst.: Long sword |    30 |    44 |    13 ||    87

Table legend:
 A = Non-vault XP
 B = Vault XP
 C = Vault XP percentage of total XP
 D = Non-vault monster count
 E = Vault monster count
 F = Vault count percentage of total count
                 A         B        C        D         E       F
            +---------+---------+-------+---------+---------+-------
      Total |    1125 |      13 |   1.1 |      90 |      11 |  10.9
            +---------+---------+-------+---------+---------+-------
        D:1 |      17 |      12 |  41.4 |      11 |      10 |  47.6
        D:2 |      64 |       0 |   0.0 |      27 |       0 |   0.0
        D:3 |      29 |       1 |   3.3 |      11 |       1 |   8.3
        D:4 |     339 |       0 |   0.0 |      14 |       0 |   0.0
        D:5 |     444 |       0 |   0.0 |      15 |       0 |   0.0
        D:6 |     229 |       0 |   0.0 |      11 |       0 |   0.0
        D:7 |       3 |       0 |   0.0 |       1 |       0 |   0.0
            +---------+---------+-------+---------+---------+-------
